 Dungeon Crawl Stone Soup version 0.31-a0-968-g24f9ace8b5 (webtiles) character file.

Game seed: 17473105200120320515

568 Getoffmy the Ruffian (level 7, -3/66 HPs)
             Began as a Troll Shapeshifter on Oct 28, 2023.
             Was an Initiate of the Shining One (penitent).
             Slain by an ogre
             ... wielding a +0 giant club
              (25 damage)
             ... on level 5 of the Dungeon.
             The game lasted 00:06:29 (3567 turns).

Getoffmy the Ruffian (Troll Shapeshifter)           Turns: 3567, Time: 00:06:30

Health: -3/66      AC:  4    Str: 31    XL:     7   Next: 11%
Magic:  7/7        EV:  9    Int:  6    God:    the Shining One [......]
Gold:   199        SH:  0    Dex:  9    Spells: 6/6 levels left

rFire   + .          .
                       - Unarmed
rCold   . . .        (no shield)
rNeg    . . .        a - +0 animal skin
rPois   .            (helmet currently unavailable)
rElec   .            (cloak currently unavailable)
rCorr   .            (gloves unavailable)
SInv    .            (boots unavailable)
Will    .....        o - amulet of faith
Stlth   +            g - ring of protection from fire
HPRegen 1.11/turn    r - +6 ring of strength
MPRegen 0.10/turn

%: faith
@: beast-form
A: beast (slay +2), large, unfitting armour, claws 3, regeneration 1, shaggy fur
1, tough skin 1
a: Begin Untransformation, Renounce Religion


You were on level 5 of the Dungeon.
You worshipped the Shining One.
The Shining One was demanding penance.
You were a hulking beast.
You visited 1 branch of the dungeon, and saw 5 of its levels.

You collected 199 gold pieces.

Inventory:

Missiles
 f - 3 poisoned darts
 m - 76 stones
Armour
 a - a +0 animal skin (worn)
Jewellery
 g - a ring of protection from fire (left claw)
 l - an amulet of guardian spirit
 o - an amulet of faith (around neck)
 r - a +6 ring of strength (right claw)
 t - a ring of resist corrosion
Talismans
 c - a beast talisman
 d - a flux talisman
 k - a blade talisman
Wands
 y - a wand of paralysis (16)
 A - a wand of iceblast (11)
Scrolls
 h - 2 scrolls of teleportation
 u - 2 scrolls of immolation
Potions
 b - 2 potions of lignification
 p - 2 potions of mutation
 q - a potion of might
 w - 2 potions of heal wounds
 x - a potion of haste


   Skills:
 + Level 2.8 Fighting
 - Level 1.5 Dodging
 * Level 5.8 Unarmed Combat
 + Level 2.2 Invocations
 + Level 4.3 Shapeshifting


You had 6 spell levels left.
You didn't know any spells.
Your spell library contained the following spells:

 Spells                   Type           Power      Damage    Failure   Level
 Shock                    Conj/Air       0%         1d3       45%         1
 Dazzling Flash           Conj/Hex       0%         N/A       83%         3
 Gell's Gravitas          Tloc           0%         N/A       83%         3
 Swiftness                Air            0%         N/A       83%         3
 Teleport Other           Tloc           0%         N/A       83%         3
 Airstrike                Air            0%         2d(0-16)  99%         4
 Cause Fear               Hex            0%         N/A       99%         4
 Flame Wave               Conj/Fire      0%         2d4       99%         4
 Dispersal                Tloc           0%         N/A       100%        6
 Fire Storm               Conj/Fire      0%         5d1       100%        9


Dungeon Overview and Level Annotations

Branches:
Dungeon (5/15)
 Temple: D:4-7

Altars:
Elyvilon
Sif Muna
Trog
Uskayaw
The Shining One


Innate Abilities, Weirdness & Mutations

You are a hulking beast.
Your limbs bulge with bestial killing power. (Slay +2)
You are too large for most types of armour.
You have claws for hands.
Your natural rate of healing is unusually fast.
You are covered in fur. (AC +1)
You have tough skin. (AC +1)


Message History

No target in view!
No target in view!
An ogre comes into view. It is wielding a +0 giant club.
The ogre shouts!
An ogre is nearby!
An ogre is nearby!
An ogre is nearby!
The ogre hits you with a +0 giant club!!
You scratch the ogre.
The ogre is lightly wounded.
You barely miss the ogre.
The ogre is lightly wounded.
The ogre hits you with a +0 giant club!!
You are too injured to fight recklessly!
You are too injured to fight recklessly!
You are too injured to fight recklessly!
You are too injured to fight recklessly!
You are too injured to fight recklessly!
You are too injured to fight recklessly!
You are too injured to fight recklessly!
You are too injured to fight recklessly!
You are too injured to fight recklessly!
You are too injured to fight recklessly!
You are too injured to fight recklessly!
You are too injured to fight recklessly!
You are too injured to fight recklessly!
You are too injured to fight recklessly!
You are too injured to fight recklessly!
You are too injured to fight recklessly!
You are too injured to fight recklessly!
You are too injured to fight recklessly!
You are too injured to fight recklessly!
You are too injured to fight recklessly!
You are too injured to fight recklessly!
You are too injured to fight recklessly!
You are too injured to fight recklessly!
You claw the ogre!
The ogre is heavily wounded.
The ogre hits you with a +0 giant club!!
You die...

§§§§.....# #§#§#.#O.#
#... .. ># # .. #.. ..
.. . ... .. .#. #. #..
.. .#. #.# #.# .. .# #
#..##.##### #..#O....+
#..h# # ###.## .. #..#
.# ###.####.# #.#
.........## #.#
......†...# #.# .#
........#.#####.# .#
........+.......####.#
........#..##........#


You could see an ogre.

Vanquished Creatures
  The ghost of lotum the Slasher, an amateur MfGl of Xom (D:4)
  An ogre (D:4)
  A water moccasin zombie (D:4)
  A scorpion (D:4)
  A hound (D:5)
  A bullfrog skeleton (D:4)
  An iguana (D:5)
  Ijyb (D:4)
  An orc wizard (D:3)
  2 adders
  2 worms
  5 orcs
  4 bats
  8 endoplasms
  5 giant cockroaches
  5 goblins
  8 hobgoblins
  14 kobolds
  2 quokkas (D:1)
  5 ball pythons
  7 frilled lizards
  5 rats
81 creatures vanquished.

Notes
Turn   | Place    | Note
-------+----------+-------------------------------------------
     0 | D:1      | Getoffmy the Troll Shapeshifter began the quest for the
                  | Orb.
     0 | D:1      | Reached XP level 1. HP: 18/18 MP: 0/0
    99 | D:1      | Reached skill level 1 in Fighting
   103 | D:1      | Found a faded altar of an unknown god.
   117 | D:1      | Reached XP level 2. HP: 25/27 MP: 1/1
   613 | D:1      | Reached XP level 3. HP: 33/33 MP: 2/2
   622 | D:1      | Got the Tractate on the Sun and Charms
  2099 | D:3      | Reached skill level 4 in Unarmed Combat
  2183 | D:3      | Found a bloodstained altar of Trog.
  2189 | D:3      | Found a hide-covered altar of Uskayaw.
  2189 | D:3      | Found a shimmering blue altar of Sif Muna.
  2189 | D:3      | Found a white marble altar of Elyvilon.
  2350 | D:3      | Reached XP level 4. HP: 38/42 MP: 1/3
  2520 | D:3      | Found a glowing golden altar of the Shining One.
  2641 | D:3      | Became a worshipper of the Shining One
  2679 | D:4      | Noticed a scorpion
  2686 | D:4      | Killed a scorpion
  2687 | D:4      | Reached XP level 5. HP: 39/49 MP: 1/4
  2873 | D:4      | Found a runed translucent gate.
  2873 | D:4      | Found a runed translucent gate.
  2873 | D:4      | Found a runed translucent gate.
  2880 | D:4      | Noticed lotum's ghost (amateur MfGl)
  2880 | D:4      | Noticed Ijyb
  2891 | D:4      | Paralysed by Ijyb for 2 turns
  2894 | D:4      | Killed Ijyb
  2993 | D:4      | Reached skill level 1 in Invocations
  3057 | D:4      | Noticed an ogre
  3060 | D:4      | Killed an ogre
  3061 | D:4      | Reached skill level 5 in Unarmed Combat
  3061 | D:4      | Reached XP level 6. HP: 58/58 MP: 4/6
  3362 | D:4      | Killed lotum's ghost
  3471 | D:5      | Entered Level 5 of the Dungeon
  3527 | D:5      | Reached XP level 7. HP: 66/66 MP: 7/7
  3529 | D:5      | Was placed under penance by the Shining One
  3567 | D:5      | Slain by an ogre

Illustrated notes

Levels and vault maps discovered:
D:1:      kennysheep_arrival_forest, layout_basic, shapermc_ecumenical_altar_gd,
          serial_bayou_ford_a
D:2:      layout_loops_corners
D:3:      layout_loops_cross, lemuel_round_altar, grunt_temple_overflow_open,
          lexackson_kobold_supper
D:4:      layout_basic, gammafunk_ghost_necromancy, kennysheep_generic_room_3,
          uniq_ijyb
D:5:      layout_basic

Skill      XL: |  1  2  3  4  5  6 |
---------------+-------------------+-----
Fighting       | 1 2 |  2.8
Unarmed Combat | 4 5 |  5.8
Invocations    | 1 2 |  2.2
Shapeshifting  | 4 |  4.3
Dodging        | |  1.5

Action                     |  1- 3 |  4- 6 |  7- 9 || total
---------------------------+-------+-------+-------++-------
  Melee: Unarmed           |   144 |    68 |    12 ||   224
         Punch             |     2 |     2 |       ||     4
    Use: Scroll            |       |    13 |       ||    13
         Potion            |       |     2 |       ||     2
 Armour: Animal skin       |    75 |    44 |     5 ||   124
  Dodge: Dodged            |    42 |    18 |     5 ||    65

Table legend: (Time is in decaauts)
 A = Elapsed time spent in this place.
 B = Non-inter-level travel time spent in this place.
 C = Inter-level travel time spent in this place.
 D = Time resting spent in this place.
 E = Time spent auto-exploring this place.
 F = Levels seen in this place.
 G = Mean time per level.
                   A        B        C        D        E       F      G
               +--------+--------+--------+--------+--------+-----+--------+
         Total |   3548 |   3255 |    293 |     84 |   2542 |   5 |  709.6 |
       Dungeon |   3548 |   3255 |    293 |     84 |   2542 |   5 |  709.6 |
               +--------+--------+--------+--------+--------+-----+--------+

Top non-repeatable levels by time:
     D:1: 1062 daAuts
     D:2: 874 daAuts
     D:4: 810 daAuts
     D:3: 707 daAuts
     D:5: 94 daAuts
